 Dungeon Crawl Stone Soup version 0.18-b1-10-g3f7de93 (webtiles) character file.

336 dobroeutro the Cudgeler (level 6, -2/37 HPs)
             Began as a Gargoyle Fighter on Apr 29, 2016.
             Slain by dobroeutro's ghost (11 damage)
             ... in an ossuary.
             The game lasted 00:05:07 (2235 turns).

dobroeutro the Cudgeler (Gargoyle Fighter)          Turns: 2235, Time: 00:05:07

Health: -2/37      AC: 12    Str: 26    XL:     6   Next: 54%
Magic:  6/6        EV: 12    Int:  9    God:
Gold:   225        SH: 11    Dex: 14    Spells: 0 memorised, 5 levels left

rFire  + . .     SeeInvis .     a - +1 flail
rCold  x . .     Gourm    .     b - +0 scale mail
rNeg   + . .     Faith    .     c - +1 shield
rPois  ∞         Spirit   .     (no helmet)
rElec  +         Dismiss  .     e - +0 cloak
rCorr  .         Reflect  .     (no gloves)
SustAt .         Harm     .     (no boots)
MR     .....                    (no amulet)
Stlth  +.........               (no ring)
                                s - ring of fire

@: mighty, agile, marked, not resistant to hostile enchantments, very unstealthy
A: negative energy resistance 1, electricity resistance, unbreathing,
petrification resistance, rot immunity, AC +4
a: no special abilities


You were in an ossuary.
You were hungry.

You visited 1 branch of the dungeon, and saw 4 of its levels.
You also visited: Ossuary.

You collected 225 gold pieces.

Inventory:

Hand Weapons
 a - a +1 flail (weapon)
Armour
 b - a +0 scale mail (worn)
 c - a +1 shield (worn)
 e - a +0 cloak (worn)
Jewellery
 s - a ring of fire (left hand)
Wands
 j - a wand of confusion (36/48)
Scrolls
 g - a scroll of enchant armour
 n - 4 scrolls of identify
 o - a scroll of recharging
 p - 2 scrolls of teleportation
Potions
 k - a potion of flight
 l - a potion of cure mutation
 m - a potion of agility
 q - a potion of resistance {unknown}
Comestibles
 f - 6 bread rations
 h - 2 meat rations


   Skills:
 - Level 3.2 Fighting
 + Level 6.7 Maces & Flails
 - Level 3.2 Armour
 - Level 3.2 Shields


You had 5 spell levels left.
You didn't know any spells.

Dungeon Overview and Level Annotations

Branches:
Dungeon (4/15)
 Temple: D:4-7

Altars:

Annotations:
Ossuary dobroeutro's ghost, amateur GrFi


Innate Abilities, Weirdness & Mutations

You are resistant to torment.
Your stone body is resilient (AC +4).
You are immune to poison.
You resist negative energy.
You are resistant to electric shocks.
You can survive without breathing.
You are immune to petrification.
You are immune to rotting.


Message History

The adder zombie closely misses you. Dobroeutro's ghost closely misses you.
A big kobold zombie comes into view.
Drink which item? (? for menu, Esc to quit)
It was a potion of agility.
You feel agile all of a sudden. The human zombie closely misses you.
The adder zombie bites you but does no damage.
You block dobroeutro's ghost's attack.
You sock the human zombie! The adder zombie closely misses you.
The human zombie closely misses you. The mummy barely misses you.
Dobroeutro's ghost hits you but does no damage.
A human zombie comes into view.
You sock the human zombie! You block the adder zombie's attack.
Dobroeutro's ghost closely misses you. The human zombie completely misses you.
The mummy barely misses you.
A hobgoblin zombie comes into view.
You sock the human zombie!
You destroy the human zombie!
The adder zombie barely misses you. Dobroeutro's ghost hits you!
You die...

######################
#....................#
#.....ZZZZ...........#
#.....ZWZ8..8........#
#.....@MZZZZ.........#
#...######Z.######...#
#...# #..# #...# #...#
#ZW# #...# #...# #..#
#...#
#...#............#...#
#...#.......####Z#...#
#...#.......# #...#
#...#.......# #...#


You could see a mummy, dobroeutro's ghost, an adder zombie, a jackal zombie, 2
hobgoblin zombies, a kobold zombie, 2 big kobold zombies, an orc zombie, an elf
zombie and 2 human zombies.

Vanquished Creatures
  A phantom (D:4)
  A scorpion (D:4)
  A human zombie (Ossuary)
  An orc priest (D:4)
  3 adders (D:3)
  An ooze (D:1)
  4 worms
  5 dart slugs
  3 giant geckos
  6 orcs
  4 giant cockroaches
  6 goblins
  6 hobgoblins
  10 kobolds
  2 ball pythons
  10 bats
  5 giant newts
  4 hobgoblin zombies (Ossuary)
  5 kobold zombies (Ossuary)
  11 orc zombies (Ossuary)
  8 rats
97 creatures vanquished.

Notes
Turn   | Place    | Note
--------------------------------------------------------------
     0 | D:1      | dobroeutro the Gargoyle Fighter began the quest for the Orb.
     0 | D:1      | Reached XP level 1. HP: 14/14 MP: 1/1
    56 | D:1      | Reached XP level 2. HP: 15/19 MP: 2/2
   117 | D:1      | Reached skill level 3 in Maces & Flails
   211 | D:1      | Reached XP level 3. HP: 20/23 MP: 3/3
   627 | D:2      | Reached skill level 4 in Maces & Flails
   685 | D:2      | Reached XP level 4. HP: 21/28 MP: 4/4
  1548 | D:3      | Reached skill level 5 in Maces & Flails
  1548 | D:3      | Reached XP level 5. HP: 32/32 MP: 5/5
  1862 | D:4      | Noticed a phantom
  1935 | D:4      | Found a sand-covered staircase.
  1953 | D:4      | Killed a phantom
  1953 | D:4      | Reached skill level 6 in Maces & Flails
  1953 | D:4      | Reached XP level 6. HP: 22/37 MP: 6/6
  2007 | Ossuary  | Entered an ossuary
  2208 | Ossuary  | Noticed dobroeutro's ghost (amateur GrFi)
  2235 | Ossuary  | Slain by dobroeutro's ghost

Skill      XL: |  1  2  3  4  5 |
---------------+----------------+-----
Maces & Flails | 3 4 5 6 |  6.7
Fighting       | |  3.2
Armour         | |  3.2
Shields        | |  3.2

Action                   |  1- 3 |  4- 6 || total
-------------------------+-------+-------++-------
Melee: Flail             |   196 |   243 ||   439
  Use: Scroll            |       |     9 ||     9
       Potion            |       |     3 ||     3
  Eat: Chunk             |       |     3 ||     3
       Pizza             |       |     1 ||     1
Armor: Scale mail        |   151 |   135 ||   286
Dodge: Dodged            |   100 |   102 ||   202
Block: Shield            |   156 |   123 ||   279
